 Dungeon Crawl Stone Soup version 0.16-a0-3909-g31f9ca0 (webtiles) character file.

24 PolkaDot the Caller (level 2, -1/19 HPs)
             Began as a Vampire Summoner on Feb 3, 2015.
             Succumbed to an adder's poison
             ... on level 2 of the Dungeon.
             The game lasted 00:03:26 (925 turns).

PolkaDot the Caller (Vampire Summoner)               Turns: 925, Time: 00:03:26

Health: -1/19      AC:  3    Str:  7    XL:     2   Next: 79%
Magic:  0/4        EV: 12    Int: 22    God:
Gold:   9          SH:  0    Dex: 14    Spells: 2 memorised, 2 levels left

rFire  . . .     SeeInvis +     l - +0 dagger
rCold  . . .     Clarity  .     a - +0 robe
rNeg   . . .     SustAb   .     (no shield)
rPois  .         Gourm    .     (no helmet)
rElec  .         Spirit   .     d - +0 cloak
rCorr  .         Warding  .     (no gloves)
rMut   .         Stasis   .     (no boots)
MR     .....                    (no amulet)
Stlth  +++.......               (no ring)
                                (no ring)

@: brilliant, lethally poisoned (-1 -> -13), very slightly contaminated,
regenerating very quickly, invisible, not resistant to hostile enchantments,
fairly stealthy
A: bottle blood, fangs 3, see invisible, unbreathing
a: no special abilities


You were on level 2 of the Dungeon.
You were almost alive.

You visited 1 branch of the dungeon, and saw 2 of its levels.

You collected 9 gold pieces.

Inventory:

Hand weapons
 l - a +0 dagger (weapon)
Armour
 a - a +0 robe (worn)
 d - a +0 cloak (worn)
Scrolls
 e - a scroll of amnesia {unknown}
 g - a scroll of enchant armour {unknown}
 h - a scroll of identify {unknown}
 i - a scroll of fear {unknown}
Potions
 c - 3 potions of might
 j - a potion of brilliance
 k - 5 potions of blood {@*1}
Books
 b - a book of Callings

   Spells                             Type                      Level
   a - Summon Small Mammal            Summoning                    1
   b - Call Imp                       Summoning                    2
   c - Call Canine Familiar           Summoning                    3
   d - Summon Guardian Golem          Hexes/Summoning              4
   e - Summon Lightning Spire         Summoning/Air                4
   f - Summon Ice Beast               Ice/Summoning                4


   Skills:
 + Level 1.2 Short Blades
 - Level 2.1 Dodging
 + Level 3.3 Stealth
 - Level 2.0 Spellcasting
 * Level 4.5 Summonings


You had 2 spell levels left.
You knew the following spells:

 Your Spells              Type           Power        Failure   Level  Hunger
s - Call Imp              Summ           #####...     1%          2    ##.....
z - Summon Small Mammal   Summ           ####         1%          1    #......


Dungeon Overview and Level Annotations

Branches:
Dungeon (2/15)

Altars:


Innate Abilities, Weirdness & Mutations

Your natural rate of healing is extremely fast.
You can bottle blood from corpses.
You have razor-sharp teeth.
You have supernaturally acute eyesight.
You can survive without breathing.


Message History

Your white imp closely misses the adder.
Drink which item? (? for menu, Esc to quit)
It was a potion of brilliance.
You feel clever all of a sudden.
* * * LOW HITPOINT WARNING * * *
You feel sick. The adder closely misses you.
Your white imp misses the adder.
Your crimson imp blinks!
Drink which item? (? for menu, Esc to quit)
It was a potion of invisibility.
You fade into invisibility!
* * * LOW HITPOINT WARNING * * *
You feel sick. The adder bites you.
* * * LOW HITPOINT WARNING * * *
You are more poisoned.
The adder poisons you! The adder misses you.
Your white imp hits the adder.
Your white imp freezes the adder.
The adder seems to slow down.
You are very lightly contaminated with residual magic.
Drink which item? (? for menu, Esc to quit)
Yummy - fresh blood!
You die...

#..........###########.#.#
#...............)........#
...#..#.......###########...#
........÷..#..####### #####
#..#.......#......†.#
#.....#.#.######.#
##.####.#.# #.# ...
..#.######.# .#.
###.5@.....## # ###S..5...#
#.#####.# #.# #.# #.# #.# #.#
#.# ..# #.# ### #.# #.#


You could see an adder, a friendly crimson imp and a friendly white imp.

Vanquished Creatures
  4 bats (D:1)
  2 giant cockroaches
  3 goblins
  A hobgoblin (D:1)
  5 jackals
  A quokka (D:2)
  A kobold (D:2)
  2 rats
19 creatures vanquished.

Vanquished Creatures (collateral kills)
  A bat (D:1)
  A hobgoblin (D:1)
  A giant newt (D:1)
  2 jackals (D:1)
  A kobold (D:1)
  A rat (D:2)
7 creatures vanquished.

Vanquished Creatures (others)
  A bat (D:1)
  3 rats (D:1)
4 creatures vanquished.

Grand Total: 30 creatures vanquished

Notes
Turn   | Place    | Note
--------------------------------------------------------------
     0 | D:1      | PolkaDot, the Vampire Summoner, began the quest for the Orb.
     0 | D:1      | Reached XP level 1. HP: 13/13 MP: 3/3
   431 | D:1      | Reached XP level 2. HP: 5/19 MP: 1/4
   504 | D:1      | Learned a level 2 spell: Call Imp
   840 | D:2      | Reached skill level 1 in Short Blades
   925 | D:2      | Succumbed to an adder's poison

Action                   || total
-------------------------++-------
Melee: Dagger            ||    88
       Unarmed           ||    16
 Cast: Summon Small Mamm ||    13
       Call Imp          ||     6
  Use: Potion            ||     8
 Stab: Distracted        ||     1
       Sleeping          ||     1
  Eat: Corpse            ||     7
